 Dungeon Crawl Stone Soup version 0.24-a0-618-ge4662a2 (webtiles) character file.

Game seed: 17837013482102661861, levelgen mode: deterministic

302 BoppinsLewinski the Twirler (level 6, 0/36 HPs)
             Began as a Deep Elf Gladiator on Sept 15, 2019.
             Was an Initiate of Yredelemnul.
             Succumbed to a scorpion's poison
             ... on level 4 of the Dungeon on Sept 16, 2019.
             The game lasted 00:08:18 (4951 turns).

BoppinsLewinski the Twirler (Deep Elf Gladiator)    Turns: 4951, Time: 00:08:18

Health: 0/36       AC:  7    Str: 11 (13) XL:     6   Next: 14%
Magic:  9/11       EV: 11    Int: 13      God:    Yredelemnul [......]
Gold:   162        SH:  0    Dex: 15 (16) Spells: 8/9 levels left

rFire    . . .     SeeInvis .   a - +1 quarterstaff
rCold    . . .     Gourm    .   (shield currently unavailable)
rNeg     . . .     Faith    .   k - +0 scale mail
rPois    .         Spirit   .   e - +1 hat
rElec    .         Reflect  .   (no cloak)
rCorr    .         Harm     .   (no gloves)
MR       .....                  (no boots)
Stlth    ..........             (no amulet)
HPRegen  0.12/turn              (no ring)
MPRegen  0.12/turn              (no ring)

@: lethally poisoned (0 -> -14), flying
A: no striking features
a: Renounce Religion


You were on level 4 of the Dungeon.
You worshipped Yredelemnul.
Yredelemnul was noncommittal.
You were near starving.

You visited 1 branch of the dungeon, and saw 4 of its levels.

You collected 162 gold pieces.

Inventory:

Hand Weapons
 a - a +1 quarterstaff (weapon)
Armour
 e - a +1 hat (worn)
 k - a +0 scale mail (worn)
Jewellery
 o - a cursed amulet of inaccuracy {unknown}
Scrolls
 c - 5 scrolls of remove curse {unknown}
 h - a scroll of amnesia {unknown}
 i - a scroll of blinking {unknown}
 j - 3 scrolls of identify {unknown}
 l - 2 scrolls of teleportation {unknown}
 n - a scroll of enchant armour {unknown}
Comestibles
 f - 5 rations


   Skills:
 + Level 2.6 Fighting
 * Level 4.8 Staves
 - Level 2.0 Throwing
 + Level 1.9 Armour
 + Level 4.8 Dodging
 + Level 2.1 Spellcasting


You had 8 spell levels left.
You knew the following spells:

 Your Spells              Type           Power        Failure   Level  Hunger
a - Confusing Touch       Hex            #.....       82%         1    ##.....

Your spell library contained the following spells:

 Spells                   Type           Power        Failure   Level  Hunger
 Confuse                  Hex            #.......     99%         3    ####...
 Gell's Gravitas          Tloc           #.........   99%         3    ####...
 Petrify                  Tmut/Erth      #.......     100%        4    #####..
 Metabolic Englaciation   Hex/Ice        #.........   100%        5    ######.
 Yara's Violent Unravell  Hex/Tmut       #.........   100%        5    ######.


Dungeon Overview and Level Annotations

Branches:
Dungeon (4/15)
 Temple: D:4-7

Altars:
Hepliaklqana
Yredelemnul
Zin


Message History

Yer base attributes be Str 12, Int 13, Dex 16.
Increase (S)tr'ngth, (I)ntelligence, or (D)'sterity?
Ye feel stronger.
* * * LOW HITPOINT WARNIN'
* * * Ye feel sick.
Ye ar'n't carryin' any potions.
As ye read tha scroll labeled KUFYHA EGRAWA, it crumbles ta dust.
It be a scroll o' enchant weapon.
Yer +0 quarterstaff glows red fer a momn't.
* * * LOW HITPOINT WARNIN'
* * * Ye feel sick.
Ye swin' at nuthin'.
* * * LOW HITPOINT WARNIN'
* * * Ye feel sick.
Ye swin' at nuthin'.
* * * LOW HITPOINT WARNIN'
* * * Ye feel sick.
Ye swin' at nuthin'.
Ye die...
Yer body rises from tha dead as a mindless zombie.

. . .#. ... ##+## #.#
##...## #.# ##.....##
####.# ##.......##
##.##.#
#.........####...#.####
+.....@...'............
#.........####....#.###
##.......## ##.#...#
##.....## ####.##
##..(## #.# ##+## #.#
#.# #.# #.


There were no monsters in sight!

Vanquished Creatures
  A scorpion (D:4)
  An orc wizard (D:3)
  An iguana (D:4)
  A worker ant (D:4)
  A hound skeleton (D:4)
  7 adders
  3 worms (D:3)
  2 leopard geckos
  12 orcs
  3 giant cockroaches
  9 hobgoblins
  7 jackals
  7 kobolds
  2 quokkas (D:4)
  5 bats
  3 frilled lizards
  8 goblins
  5 rats
  A spectral orc (D:3)
79 creatures vanquished.

Notes
Turn   | Place    | Note
-------+----------+-------------------------------------------
     0 | D:1      | BoppinsLewinski the Deep Elf Gladiator began the quest for
                  | the Orb.
     0 | D:1      | Reached XP level 1. HP: 12/12 MP: 3/3
   113 | D:1      | Reached XP level 2. HP: 10/17 MP: 4/4
  1215 | D:2      | Reached XP level 3. HP: 21/21 MP: 5/5
  1327 | D:2      | Reached skill level 1 in Armour
  1707 | D:3      | Reached XP level 4. HP: 26/26 MP: 6/6
  1875 | D:3      | Found a glowing silver altar of Zin.
  1913 | D:3      | Found a basalt altar of Yredelemnul.
  1964 | D:3      | Became a worshipper of Yredelemnul the Dark
  2192 | D:3      | Found a hazy altar of Hepliaklqana.
  2288 | D:3      | Learned a level 1 spell: Confusing Touch
  2816 | D:3      | Reached skill level 1 in Spellcasting
  2816 | D:3      | Reached XP level 5. HP: 19/31 MP: 8/8
  4947 | D:4      | Reached XP level 6. HP: 7/36 MP: 9/11
  4950 | D:4      | HP: 1/36 [poisoned by a scorpion]
  4951 | D:4      | Succumbed to a scorpion's poison

Levels and vault maps discovered:
D:1:      lightli_arrival_chessboard, layout_loops_ring
D:2:      layout_rooms, minmay_misc_feat_nine_boxes, minmay_misc_feat_roman,
          grunt_ministairs_1
D:3:      layout_loops_ring, overflow_temple_1_default,
          yredelemnul_forgotten_temple_becter, lemuel_crystal_altar,
          serial_co_window_serial, co_window_corner_a, co_window_cross_1,
          co_window_paths_a, co_window_of_opportunity_a, co_window_paths_a,
          co_window_paths_a, co_window_paths_a, co_window_corner_b,
          co_window_unsneaky_path_d, co_window_broadway_a,
          co_window_of_opportunity_b, co_window_corner_b, glass_columns_b,
          glass_columns_a
D:4:      layout_loops_corners, minmay_temple_entry_nine_rooms, first_ration

Skill      XL: |  1  2  3  4  5 |
---------------+----------------+-----
Dodging        | 4 |  4.8
Fighting       | 2 |  2.6
Armour         | 1 |  1.9
Staves         | 4 |  4.8
Spellcasting   | 1 2 |  2.1
Throwing       | |  2.0

Action                   |  1- 3 |  4- 6 || total
-------------------------+-------+-------++-------
Melee: Quarterstaff      |   114 |   166 ||   280
Throw: Throwing net      |     3 |     4 ||     7
  Use: Potion            |       |     5 ||     5
       Scroll            |       |     1 ||     1
  Eat: Chunk             |     2 |     9 ||    11
Armor: Leather armour    |    16 |       ||    16
       Scale mail        |    24 |    71 ||    95
Dodge: Dodged            |    69 |    64 ||   133

Table legend:
 A = Non-vault XP
 B = Vault XP
 C = Vault XP percentage of total XP
 D = Non-vault monster count
 E = Vault monster count
 F = Vault count percentage of total count
                 A         B        C        D         E       F
            +---------+---------+-------+---------+---------+-------
      Total |     416 |      16 |   3.7 |      76 |       3 |   3.8
            +---------+---------+-------+---------+---------+-------
        D:1 |      38 |       0 |   0.0 |      23 |       0 |   0.0
        D:2 |      29 |      15 |  34.1 |      11 |       2 |  15.4
        D:3 |     168 |       1 |   0.6 |      34 |       1 |   2.9
        D:4 |     181 |       0 |   0.0 |       8 |       0 |   0.0
            +---------+---------+-------+---------+---------+-------
